| TOP OF THE 1ST |
|
Rice University Owls batting - Pitching for University of North Carolina at Chapel Hill Tar Heels : LHP Francisco Guerra
|
|
Pitching: LHP Francisco Guerra
|
|
|
Batting: RHB Caleb Mercer
|
0-0: Ball 1-0: Called Strike 1-1: Ball 2-1: Fly out, F7 (Line Drive, 78M, EV 109.4 MPH)
|
|
Batting: RHB Javier Quinones
|
0-0: Called Strike 0-1: Swinging Strike 0-2: Ball 1-2: Ground out 6-3 (Groundball, P, EV 81.2 MPH)
|
|
Batting: RHB Jose Soto
|
0-0: Swinging Strike 0-1: Foul Ball, location: 2F 0-2: Ball 1-2: Strikes out swinging
|
| Top of the 1st over - 0 runs, 0 hits, 0 errors, 0 left on base; Rice University 0 - University of North Carolina at Chapel Hill 0 |
| BOTTOM OF THE 1ST |
|
University of North Carolina at Chapel Hill Tar Heels batting - Pitching for Rice University Owls : RHP Daniel Bushby
|
|
Pitching: RHP Daniel Bushby
|
|
|
Batting: LHB Juan Alvarado
|
0-0: Ground out U3 (Groundball, 34, EV 105.0 MPH)
|
|
Batting: LHB Chris Robertson
|
0-0: Ball 1-0: Called Strike 1-1: Called Strike 1-2: Foul Ball, location: 2F 1-2: Ball 2-2: Hit by Pitch
|
|
Batting: RHB Michael Houseman
|
0-0: Fly out, F9 (Flyball, 89M, EV 76.2 MPH)
|
|
Batting: RHB Mike Machalek
|
0-0: Ball 1-0: Ball 2-0: Foul Ball, location: 2F 2-1: Ball 3-1: Base on Balls Chris Robertson to second
|
|
Batting: RHB Jeremy Rollins
|
0-0: SINGLE (Line Drive, 6D, EV 96.9 MPH) Chris Robertson to third Mike Machalek to second Runner from 3rd tries for Home, SAFE, throw by CF to home Mike Machalek to third Jeremy Rollins to second
|
|
Batting: LHB Roberto Lopez
|
0-0: Called Strike 0-1: Ball 1-1: Ball 2-1: 3-RUN HOME RUN (Flyball, 9D, EV 98.8 MPH), Distance : 377 ft
|
|
Batting: SHB Jim Saxon
|
0-0: Foul Ball, location: 2F 0-1: Ground out 4-3 (Groundball, 4S, EV 78.8 MPH)
|
| Bottom of the 1st over - 4 runs, 2 hits, 0 errors, 0 left on base; Rice University 0 - University of North Carolina at Chapel Hill 4 |
| TOP OF THE 2ND |
|
Rice University Owls batting - Pitching for University of North Carolina at Chapel Hill Tar Heels : LHP Francisco Guerra
|
|
Batting: SHB Ken Wilson
|
0-0: Ball 1-0: Ball 2-0: Called Strike 2-1: Ball 3-1: Base on Balls
|
|
Batting: RHB Neil Worth
|
0-0: Grounds into double play, 5-4-3 (Groundball, 56, EV 86.9 MPH)
|
|
Batting: LHB Chris Gonzales
|
0-0: Ball 1-0: Ball 2-0: Ball 3-0: Base on Balls
|
|
Batting: RHB Allen Jarvis
|
0-0: Called Strike 0-1: Ball Chris Gonzales steals 2nd base 1-1: Ball 2-1: Ground out 4-3 (Groundball, 4, EV 82.5 MPH)
|
| Top of the 2nd over - 0 runs, 0 hits, 0 errors, 1 left on base; Rice University 0 - University of North Carolina at Chapel Hill 4 |
| BOTTOM OF THE 2ND |
|
University of North Carolina at Chapel Hill Tar Heels batting - Pitching for Rice University Owls : RHP Daniel Bushby
|
|
Batting: RHB Tony Jennings
|
0-0: Called Strike 0-1: Ball 1-1: Foul Ball, location: 2F 1-2: Ball 2-2: Foul Ball, location: 2F 2-2: Ball 3-2: Fly out, F8 (Flyball, 8LD, EV 94.4 MPH)
|
|
Batting: RHB Brandon Wilson
|
0-0: Ground out 4-3 (Groundball, 34, EV 81.9 MPH)
|
|
Batting: LHB Juan Alvarado
|
0-0: Called Strike 0-1: Ground out 4-3 (Groundball, 4S, EV 85.6 MPH)
|
| Bottom of the 2nd over - 0 runs, 0 hits, 0 errors, 0 left on base; Rice University 0 - University of North Carolina at Chapel Hill 4 |
| TOP OF THE 3RD |
|
Rice University Owls batting - Pitching for University of North Carolina at Chapel Hill Tar Heels : LHP Francisco Guerra
|
|
Batting: RHB Emanuel Pulido
|
0-0: Ball 1-0: Swinging Strike 1-1: Foul Ball, location: 2F 1-2: Ball 2-2: Ball 3-2: Base on Balls
|
|
Batting: LHB Aldred Lieshout
|
0-0: Ball 1-0: Ball 2-0: Ball 3-0: Called Strike 3-1: Called Strike 3-2: Reached on error, E4 (Groundball, 4, EV 88.8 MPH) Emanuel Pulido to second
|
|
Batting: RHB Caleb Mercer
|
0-0: Ball 1-0: Foul Ball, location: 2F 1-1: Foul Ball, location: 2F 1-2: Strikes out swinging
|
|
Batting: RHB Javier Quinones
|
0-0: Called Strike 0-1: Ball 1-1: Grounds into double play, 5-4-3 (Groundball, 56, EV 89.4 MPH)
|
| Top of the 3rd over - 0 runs, 0 hits, 1 error, 1 left on base; Rice University 0 - University of North Carolina at Chapel Hill 4 |
| BOTTOM OF THE 3RD |
|
University of North Carolina at Chapel Hill Tar Heels batting - Pitching for Rice University Owls : RHP Daniel Bushby
|
|
Batting: LHB Chris Robertson
|
0-0: Ball 1-0: Foul Ball, location: 2F 1-1: Ball 2-1: Ball 3-1: Foul Ball, location: 2F 3-2: Base on Balls
|
|
Batting: RHB Michael Houseman
|
0-0: Grounds into double play, 4-6-3 (Groundball, 4, EV 77.5 MPH)
|
|
Batting: RHB Mike Machalek
|
0-0: Ball 1-0: Ground out 6-3 (Groundball, 6, EV 88.1 MPH)
|
| Bottom of the 3rd over - 0 runs, 0 hits, 0 errors, 0 left on base; Rice University 0 - University of North Carolina at Chapel Hill 4 |
| TOP OF THE 4TH |
|
Rice University Owls batting - Pitching for University of North Carolina at Chapel Hill Tar Heels : LHP Francisco Guerra
|
|
Batting: RHB Jose Soto
|
0-0: SINGLE (Groundball, 56D, EV 98.1 MPH)
|
|
Batting: SHB Ken Wilson
|
0-0: Ball 1-0: Ball 2-0: Ball 3-0: Base on Balls Jose Soto to second
|
|
Batting: RHB Neil Worth
|
0-0: Ball 1-0: Called Strike 1-1: Called Strike 1-2: Strikes out swinging
|
|
Batting: LHB Chris Gonzales
|
0-0: Ball 1-0: Foul Ball, location: 2F 1-1: Foul Ball, location: 2F 1-2: Foul Ball, location: 2F 1-2: Ball 2-2: Fly out, F8 (Flyball, 8RD, EV 99.4 MPH)
|
|
Batting: RHB Allen Jarvis
|
0-0: SINGLE (Flyball, 89S, EV 92.5 MPH) Jose Soto to third Ken Wilson to second Runner from 3rd tries for Home, SAFE, throw by CF to home
|
|
Batting: RHB Emanuel Pulido
|
0-0: Called Strike 0-1: Foul Ball, location: 2F 0-2: Ball 1-2: Strikes out swinging
|
| Top of the 4th over - 1 run, 2 hits, 0 errors, 2 left on base; Rice University 1 - University of North Carolina at Chapel Hill 4 |
| BOTTOM OF THE 4TH |
|
University of North Carolina at Chapel Hill Tar Heels batting - Pitching for Rice University Owls : RHP Daniel Bushby
|
|
Batting: RHB Jeremy Rollins
|
0-0: Called Strike 0-1: Ball 1-1: Called Strike 1-2: Ball 2-2: Ball 3-2: Foul Ball, location: 2F 3-2: SINGLE (Groundball, 56D, EV 100.6 MPH)
|
|
Batting: LHB Roberto Lopez
|
0-0: Foul Ball, location: 2F 0-1: Ball 1-1: Called Strike 1-2: Foul Ball, location: 2F 1-2: Fielders Choice at 2nd, 5-4 (Groundball, 15, EV 86.2 MPH)
|
|
Batting: SHB Jim Saxon
|
0-0: Ball 1-0: Swinging Strike 1-1: Ball 2-1: Ball 3-1: Base on Balls Roberto Lopez to second
|
|
Batting: RHB Tony Jennings
|
0-0: Ball 1-0: Called Strike 1-1: Foul Ball, location: 2F 1-2: Foul Ball, location: 2F 1-2: SINGLE (Flyball, 56D, EV 85.0 MPH) Roberto Lopez to third Jim Saxon to second
|
|
Batting: RHB Brandon Wilson
|
0-0: Foul Ball, location: 2F 0-1: Swinging Strike 0-2: Ball 1-2: Ball 2-2: Strikes out swinging
|
|
Batting: LHB Juan Alvarado
|
0-0: Fly out, F8 (Flyball, 8RD, EV 94.4 MPH)
|
| Bottom of the 4th over - 0 runs, 2 hits, 0 errors, 3 left on base; Rice University 1 - University of North Carolina at Chapel Hill 4 |
| TOP OF THE 5TH |
|
Rice University Owls batting - Pitching for University of North Carolina at Chapel Hill Tar Heels : LHP Francisco Guerra
|
|
Batting: LHB Aldred Lieshout
|
0-0: Called Strike 0-1: Ball 1-1: Ground out 1-3 (Groundball, 13, EV 68.1 MPH)
|
|
Batting: RHB Caleb Mercer
|
0-0: Called Strike 0-1: Ball 1-1: Called Strike 1-2: Fly out, F9 (Line Drive, 9S, EV 91.9 MPH)
|
|
Batting: RHB Javier Quinones
|
0-0: Ball 1-0: Swinging Strike 1-1: Ball 2-1: Ground out 1-3 (Groundball, 13S, EV 70.0 MPH)
|
| Top of the 5th over - 0 runs, 0 hits, 0 errors, 0 left on base; Rice University 1 - University of North Carolina at Chapel Hill 4 |
| BOTTOM OF THE 5TH |
|
University of North Carolina at Chapel Hill Tar Heels batting - Pitching for Rice University Owls : RHP Daniel Bushby
|
|
Batting: LHB Chris Robertson
|
0-0: Called Strike 0-1: Ball 1-1: Ground out 4-3 (Groundball, 13, EV 84.4 MPH)
|
|
Batting: RHB Michael Houseman
|
0-0: Ball 1-0: Ball 2-0: Called Strike 2-1: Called Strike 2-2: Foul Ball, location: 2F 2-2: Fly out, F7 (Line Drive, 78M, EV 104.4 MPH)
|
|
Batting: RHB Mike Machalek
|
0-0: Called Strike 0-1: Ball 1-1: Foul Ball, location: 2F 1-2: Foul Ball, location: 2F 1-2: Ball 2-2: Ground out 6-3 (Groundball, 6M, EV 91.9 MPH)
|
| Bottom of the 5th over - 0 runs, 0 hits, 0 errors, 0 left on base; Rice University 1 - University of North Carolina at Chapel Hill 4 |
| TOP OF THE 6TH |
|
Rice University Owls batting - Pitching for University of North Carolina at Chapel Hill Tar Heels : LHP Francisco Guerra
|
|
Batting: RHB Jose Soto
|
0-0: Ball 1-0: Fly out, F8 (Flyball, 8RD, EV 91.2 MPH)
|
|
Batting: SHB Ken Wilson
|
0-0: Ball 1-0: Called Strike 1-1: Ball 2-1: Swinging Strike 2-2: Ball 3-2: Ground out 6-3 (Groundball, 6M, EV 110.6 MPH)
|
|
Batting: RHB Neil Worth
|
0-0: Ball 1-0: Ball 2-0: Called Strike 2-1: Foul Ball, location: 2F 2-2: Ball 3-2: Foul Ball, location: 2F 3-2: Foul Ball, location: 2F 3-2: Strikes out swinging
|
| Top of the 6th over - 0 runs, 0 hits, 0 errors, 0 left on base; Rice University 1 - University of North Carolina at Chapel Hill 4 |
| BOTTOM OF THE 6TH |
|
University of North Carolina at Chapel Hill Tar Heels batting - Pitching for Rice University Owls : RHP Daniel Bushby
|
|
Batting: RHB Jeremy Rollins
|
0-0: Ball 1-0: Ball 2-0: Called Strike 2-1: Ground out 4-3 (Groundball, 4M, EV 108.1 MPH)
|
|
Pitching: RHP Nate Gulley
|
|
|
Batting: LHB Roberto Lopez
|
0-0: Ground out 6-3 (Groundball, 6, EV 103.8 MPH)
|
|
Batting: SHB Jim Saxon
|
0-0: Ball 1-0: SOLO HOME RUN (Flyball, 89XD, EV 110.0 MPH), Distance : 412 ft
|
|
Batting: RHB Tony Jennings
|
0-0: SOLO HOME RUN (Flyball, 7LD, EV 95.6 MPH), Distance : 358 ft
|
|
Batting: RHB Brandon Wilson
|
0-0: Foul Ball, location: 2F 0-1: Reached on error, E8 (Flyball, 8LS, EV 83.1 MPH)
|
|
Batting: LHB Juan Alvarado
|
0-0: Called Strike 0-1: Ball 1-1: 2-RUN HOME RUN (Flyball, 89XD, EV 104.4 MPH), Distance : 413 ft
|
|
Pitching: RHP Dejenie Mensah
|
|
|
Batting: LHB Chris Robertson
|
0-0: Ball 1-0: Ball 2-0: Swinging Strike 2-1: Ball 3-1: Base on Balls
|
|
Batting: RHB Michael Houseman
|
0-0: Fielders Choice at 2nd, 6-4 (Groundball, 6, EV 78.8 MPH)
|
| Bottom of the 6th over - 4 runs, 3 hits, 1 error, 1 left on base; Rice University 1 - University of North Carolina at Chapel Hill 8 |
| TOP OF THE 7TH |
|
Rice University Owls batting - Pitching for University of North Carolina at Chapel Hill Tar Heels : LHP Francisco Guerra
|
|
Pitching: RHP Didier Pages
|
|
|
Batting: LHB Chris Gonzales
|
0-0: Fly out, F8 (Flyball, 8RXD, EV 91.2 MPH)
|
|
Batting: RHB Allen Jarvis
|
0-0: Ground out 1-3 (Groundball, 15S, EV 64.4 MPH)
|
|
Batting: RHB Emanuel Pulido
|
0-0: Ball 1-0: Swinging Strike 1-1: Called Strike 1-2: Foul Ball, location: 2F 1-2: Foul Ball, location: 2F 1-2: Strikes out swinging
|
| Top of the 7th over - 0 runs, 0 hits, 0 errors, 0 left on base; Rice University 1 - University of North Carolina at Chapel Hill 8 |
| BOTTOM OF THE 7TH |
|
University of North Carolina at Chapel Hill Tar Heels batting - Pitching for Rice University Owls : RHP Dejenie Mensah
|
|
Batting: RHB Mike Machalek
|
0-0: Ball 1-0: Ball 2-0: Ball 3-0: Called Strike 3-1: Fly out, F6 (Popup, 15, EV 77.5 MPH)
|
|
Batting: RHB Jeremy Rollins
|
0-0: Ball 1-0: Ball 2-0: Ball 3-0: Called Strike 3-1: SOLO HOME RUN (Flyball, 78XD, EV 108.1 MPH), Distance : 419 ft
|
|
Batting: LHB Roberto Lopez
|
0-0: Called Strike 0-1: Ball 1-1: Ball 2-1: SOLO HOME RUN (Flyball, 9LD, EV 96.2 MPH), Distance : 346 ft
|
|
Batting: SHB Jim Saxon
|
0-0: Ball 1-0: Ball 2-0: Ground out 4-3 (Groundball, 4M, EV 88.8 MPH)
|
|
Batting: RHB Tony Jennings
|
0-0: Foul Ball, location: 2F 0-1: Ground out 6-3 (Groundball, 6, EV 99.4 MPH)
|
| Bottom of the 7th over - 2 runs, 2 hits, 0 errors, 0 left on base; Rice University 1 - University of North Carolina at Chapel Hill 10 |
| TOP OF THE 8TH |
|
Rice University Owls batting - Pitching for University of North Carolina at Chapel Hill Tar Heels : RHP Didier Pages
|
|
Batting: LHB Aldred Lieshout
|
0-0: Ball 1-0: Ball 2-0: Foul Ball, location: 2F 2-1: Ball 3-1: Swinging Strike 3-2: Base on Balls
|
|
Batting: RHB Caleb Mercer
|
0-0: Called Strike 0-1: Called Strike 0-2: Ball 1-2: Foul Ball, location: 2F 1-2: Ball 2-2: Foul Ball, location: 2F 2-2: Foul Ball, location: 2F 2-2: SINGLE (Flyball, 9S, EV 89.4 MPH) Aldred Lieshout to second
|
|
Pitching: RHP Jason Kaelber
|
|
|
Batting: RHB Javier Quinones
|
0-0: Ball 1-0: SINGLE (Groundball, 6MD, EV 95.0 MPH) Aldred Lieshout to third Caleb Mercer to second
|
|
Batting: RHB Jose Soto
|
0-0: Fly out, F8 (Flyball, 8RD, EV 91.2 MPH) Runner from 3rd tags up, SCORES, throw by CF Caleb Mercer to third
|
|
Batting: SHB Ken Wilson
|
0-0: Called Strike 0-1: Foul Ball, location: 2F 0-2: Strikes out looking
|
|
Batting: RHB Neil Worth
|
0-0: Ground out 4-3 (Groundball, 34, EV 85.6 MPH)
|
| Top of the 8th over - 1 run, 2 hits, 0 errors, 2 left on base; Rice University 2 - University of North Carolina at Chapel Hill 10 |
| BOTTOM OF THE 8TH |
|
University of North Carolina at Chapel Hill Tar Heels batting - Pitching for Rice University Owls : RHP Dejenie Mensah
|
|
Batting: RHB Brandon Wilson
|
0-0: Ball 1-0: Foul Ball, location: 2F 1-1: Fly out, F7 (Line Drive, 7S, EV 88.1 MPH)
|
|
Batting: LHB Juan Alvarado
|
0-0: Fly out, F8 (Flyball, 78D, EV 90.6 MPH)
|
|
Batting: LHB Chris Robertson
|
0-0: Ball 1-0: Swinging Strike 1-1: Fly out, F9 (Flyball, 9, EV 91.2 MPH)
|
| Bottom of the 8th over - 0 runs, 0 hits, 0 errors, 0 left on base; Rice University 2 - University of North Carolina at Chapel Hill 10 |
| TOP OF THE 9TH |
|
Rice University Owls batting - Pitching for University of North Carolina at Chapel Hill Tar Heels : RHP Jason Kaelber
|
|
Batting: LHB Chris Gonzales
|
0-0: Ball 1-0: Ball 2-0: Called Strike 2-1: Ball 3-1: Base on Balls
|
|
Batting: RHB Allen Jarvis
|
0-0: SINGLE (Groundball, 6MS, EV 68.8 MPH) (infield hit) Chris Gonzales to second
|
|
Batting: RHB Emanuel Pulido
|
0-0: Ball 1-0: Foul Ball, location: 2F 1-1: Ball 2-1: Ball 3-1: Base on Balls Chris Gonzales to third Allen Jarvis to second
|
|
Batting: LHB Aldred Lieshout
|
0-0: Swinging Strike 0-1: Foul Ball, location: 2F 0-2: Ball 1-2: Ball 2-2: Strikes out swinging
|
|
Batting: RHB Caleb Mercer
|
0-0: Foul Ball, location: 2F 0-1: Grounds out, U3 (Groundball, 3L, EV 82.5 MPH) Chris Gonzales scores Allen Jarvis to third
|
|
Pinch Hitting: SHB Dave Van Sickle
|
0-0: Ball 1-0: Ball 2-0: Foul Ball, location: 2F 2-1: DOUBLE (Flyball, 78XD, EV 99.4 MPH) Allen Jarvis scores Emanuel Pulido scores
|
|
Pitching: RHP Ian Hunt
|
|
|
Batting: RHB Jose Soto
|
0-0: Ball 1-0: 2-RUN HOME RUN (Flyball, 7D, EV 96.2 MPH), Distance : 381 ft
|
|
Batting: SHB Ken Wilson
|
0-0: Ball 1-0: Ball 2-0: Called Strike 2-1: Swinging Strike 2-2: Foul Ball, location: 2F 2-2: Fly out, F6 (Line Drive, 4D, EV 72.5 MPH)
|
| Top of the 9th over - 5 runs, 3 hits, 0 errors, 0 left on base; Rice University 7 - University of North Carolina at Chapel Hill 10 |
|